 Dungeon Crawl Stone Soup version 0.26.1-10-gdfb7c7de75 (webtiles) character file.

Game seed: 15635583094225664174

51 tardwrangler69 the Shield-Bearer (level 3, -2/20 HPs)
             Began as a Vine Stalker Fighter on Apr 8, 2021.
             Slain by a gnoll
             ... wielding a +0 spear
              (5 damage)
             ... on level 2 of the Dungeon.
             The game lasted 00:02:02 (1273 turns).

tardwrangler69 the Shield-Bearer (VSFi)             Turns: 1273, Time: 00:02:03

Health: -2/20      AC:  6    Str: 19    XL:     3   Next: 83%
Magic:  0/4        EV:  7    Int:  8    God:
Gold:   36         SH:  9    Dex: 13    Spells: 2/2 levels left

rFire    . . .     SeeInvis .   a - +0 rapier
rCold    . . .     Faith    .   c - +0 kite shield
rNeg     . . .     Spirit   +   b - +0 scale mail
rPois    .         Reflect  .   (no helmet)
rElec    .         Harm     .   (no cloak)
rCorr    .         Rampage  .   (no gloves)
Will     .....                  (no boots)
Stlth    ..........             (no amulet)
HPRegen  0.06/turn              (no ring)
MPRegen  0.09/turn              (no ring)

@: no status effects
A: fangs 2, magic shield, antimagic bite, no potion heal 3
a: no special abilities


You were on level 2 of the Dungeon.
You visited 1 branch of the dungeon, and saw 2 of its levels.

You collected 36 gold pieces.

Inventory:

Hand Weapons
 a - a +0 rapier (weapon)
Missiles
 g - 8 silver javelins (quivered)
 m - 2 javelins
Armour
 b - a +0 scale mail (worn)
 c - a +0 kite shield (worn)
Scrolls
 f - a scroll of identify {unknown}
 j - a scroll of amnesia {unknown}
 l - a scroll of remove curse {unknown}
 n - a scroll of blinking {unknown}
 o - 3 scrolls of teleportation {unknown}
Potions
 d - a potion of might
 e - a potion of degeneration {unknown}
 h - 2 potions of haste {unknown}
 i - a potion of brilliance {unknown}
 k - a potion of flight {unknown}


   Skills:
 + Level 3.1 Fighting
 * Level 2.8 Short Blades
 - Level 2.4 Armour
 + Level 3.1 Shields


You had 2 spell levels left.
You didn't know any spells.
Your spell library was empty.

Dungeon Overview and Level Annotations

Branches:
Dungeon (2/15)

Altars:


Innate Abilities, Weirdness & Mutations

You have extremely sharp teeth.
When hurt, damage is shared between your health and your magic reserves.
Your bite disrupts and absorbs the magic of your enemies.
Potions cannot restore your health.


Message History

You are too injured to fight recklessly!
You are too injured to fight recklessly!
You are too injured to fight recklessly!
You are too injured to fight recklessly!
You are too injured to fight recklessly!
You are too injured to fight recklessly!
You are too injured to fight recklessly!
You are too injured to fight recklessly!
You are too injured to fight recklessly!
You are too injured to fight recklessly!
You block the gnoll's attack.
A rat comes into view.
You block the gnoll's attack.
The gnoll hits you from afar with a +0 spear!
* * * LOW HITPOINT WARNING * * *
The gnoll hits you but does no damage.
You closely miss the gnoll. The gnoll closely misses you.
You block the gnoll's attack.
The gnoll hits you from afar with a +0 spear.
You die...

# .# #.#..#..#..#..#.#
##.# #..#..#..#..#...#
...# ##...#..#..#..#..#
.########..#..#..#..#..#..
....(##.(................#
.###.###...###.#.#...#####
## #.....#.###.ggg..##
..##(.####....##g####
#......# ####.##@#
#..)##.# #.##.#######
##)..#..#####.##.......#
...#.##................#
####>#########.#.......#
#.....## #.........##
#####..######.........
#..........##...)...#
#....(..(..##.......#


You could see 4 gnolls.

Vanquished Creatures
  6 dart slugs
  A leopard gecko (D:2)
  3 giant cockroaches (D:1)
  3 hobgoblins
  A ball python (D:1)
  A bat (D:1)
  5 frilled lizards
  6 goblins
  11 kobolds
  5 rats
42 creatures vanquished.

Notes
Turn   | Place    | Note
-------+----------+-------------------------------------------
     0 | D:1      | tardwrangler69 the Vine Stalker Fighter began the quest for
                  | the Orb.
     0 | D:1      | Reached XP level 1. HP: 11/11 MP: 2/2
   177 | D:1      | Reached XP level 2. HP: 16/16 MP: 3/3
   527 | D:1      | Reached XP level 3. HP: 19/19 MP: 4/4
  1273 | D:2      | Slain by a gnoll

Illustrated notes

Levels and vault maps discovered:
D:1:      psy_arrival_fountain, layout_loops_ring, serial_bayou_pond_d
D:2:      layout_rooms, minmay_misc_feat_diagonals, uniq_terence

Skill      XL: |  1  2  3 |
---------------+----------+-----
Short Blades   | 2 |  2.8
Shields        | 3 |  3.1
Fighting       | 3 |  3.1
Armour         | |  2.4

Action                   || total
-------------------------++-------
Melee: Rapier            ||   111
       Bite              ||    22
Armor: Scale mail        ||    38
Dodge: Dodged            ||    29
Block: Kite shield       ||    49
